Map: Orbital Shipyard

Players

capac

  • Race: Terran Terran
  • League: Gold

Anval - Winner!

  • Race: Terran Terran
  • League: Gold

VOD

Have the link to the VOD?

Description

Time

  • Played on: March 2, 2016, 2:17 p.m.
  • Length: 21:21
Show
View Real Time Build Order
Export as new Build Order

capac Terran 

Build Orders: MMM Bio 

Get SALT Encoding   

  12  0:01  SCV  
  13  0:13  SCV  
  14  0:18  Supply Depot  
  14  0:25  SCV  
  15  0:40  SCV  
  15  0:41  Barracks  
  16  0:50  Refinery  
  16  0:52  SCV  
  17  1:04  SCV  
  18  1:16  SCV  
  19  1:28  SCV  
  20  1:33  Marine  
  20  1:38  Command Center  
  20  2:03  Orbital Command  
  20  2:04  Supply Depot  
  20  2:11  Marine  
  21  2:22  Factory  
  21  2:28  Barracks  
  21  2:30  SCV  
  22  2:37  Refinery  
  22  2:45  SCV  
  23  2:54  Orbital Command  
  23  3:00  Barracks Reactor  
  23  3:10  Starport  
  23  3:12  SCV  
  24  3:21  Marine  
  24  3:24  Factory Reactor  
  25  3:29  SCV x2  
  27  3:40  Marine x2  
  27  3:41  Barracks Tech Lab  
  29  3:52  Engineering Bay, SCV  
  29  3:53  SCV  
  31  3:58  Marine  
  31  4:00  Marine  
  31  4:01  Marine  
  34  4:03  Stimpack  
  34  4:11  SCV x2  
  36  4:21  Missile Turret  
  36  4:23  Factory Tech Lab  
  36  4:24  Marine x2  
  36  4:25  Marine  
  36  4:31  Refinery, SCV x2  
  41  4:34  Refinery  
  41  4:43  Medivac x2  
  45  5:00  Supply Depot  
  45  5:02  SCV  
  45  5:04  Liberator  
  46  5:21  Siege Tank, SCV  
  46  5:22  Supply Depot  
  46  5:24  SCV  
  54  5:44  Marine x3  
  54  5:45  Command Center  
  57  5:50  Barracks  
  57  5:54  Siege Tank  
  60  6:01  Marine x2  
  60  6:02  Supply Depot  
  60  6:04  Liberator  
  62  6:05  Marine  
  62  6:06  Liberator, SCV x2  
  65  6:14  Combat Shields  
  65  6:25  SCV x2  
  73  6:29  Supply Depot  
  73  6:36  Marine x3  
  76  6:41  Terran Infantry Weapons Level 1  
  76  6:47  SCV x2  
  78  6:55  Supply Depot  
  78  7:15  Bunker  
  78  7:16  Marine x3  
  78  7:20  Liberator  
  78  7:21  Liberator  
  64  7:39  Marine, Siege Tank  
  64  7:40  Marine  
  64  7:41  Marine x2  
  77  7:49  Factory  
  74  8:18  Marine x4  
  78  8:21  Siege Tank  
  81  8:36  Marine x4  
  76  8:53  Marine  
  76  8:54  Marine x3  
  77  9:12  SCV x2  
  79  9:24  SCV  
  80  9:30  Viking x2  
  84  9:36  Starport  
  81  9:54  Marine x3  
  84  10:06  Viking x2  
  85  10:29  Barracks Reactor  
  85  10:30  Marine  
  85  10:35  Starport Reactor  
  86  10:39  Missile Turret  
  86  10:42  Viking x2  
  90  10:48  Marine  
  91  11:06  Marine  
  92  11:15  Orbital Command  
  92  11:33  Viking x4, Supply Depot  
  92  11:38  Supply Depot  
  100  11:43  Missile Turret  
  100  11:44  Missile Turret  
  100  11:45  Missile Turret  
  100  11:49  Missile Turret  
  100  11:50  SCV x2  
  103  11:59  Barracks Reactor  
  102  12:03  Siege Tank  
  102  12:06  Barracks  
  105  12:19  Marine x3  
  108  12:24  SCV x3  
  89  13:12  Orbital Command  
  89  13:27  SCV x2  
  91  13:36  Liberator x2  
  91  13:37  Liberator x2  
  91  13:47  Marine x3  
  91  13:48  Marine x2  
  96  13:51  Barracks Reactor  
  96  13:53  Missile Turret  
  96  13:54  Barracks  
  96  13:55  Missile Turret  
  108  14:05  Command Center  
  108  14:14  Refinery  
  108  14:15  Refinery  
  108  14:18  Missile Turret  
  108  14:19  Siege Tank  
  111  14:28  Marine x4  
  111  14:29  Marine x2  
  117  14:37  Liberator x2  
  117  14:42  Supply Depot  
  117  14:44  Marine  
  118  14:45  Supply Depot x2  
  118  14:47  Barracks Reactor  
  118  14:48  Barracks  
  118  14:50  Medivac x2  
  124  14:57  Siege Tank  
  130  15:28  Missile Turret  
  130  15:49  Marine x5  
  133  15:50  Marine x2  
  134  16:06  Liberator x3  
  134  16:07  Marine, Liberator  
  135  16:25  Marine x3  
  147  16:26  Marine x4  
  154  16:51  Marine  
  154  16:52  Marine x4  
  154  16:53  Terran Infantry Armor Level 1  
  159  16:59  Siege Tank  
  162  17:03  Supply Depot  
  162  17:04  Supply Depot  
  152  17:47  Liberator  
  152  17:48  Liberator x3  
  152  17:55  Marine x6  
  152  17:56  Marine  
  159  18:00  Supply Depot  
  159  18:01  Barracks Reactor  
  171  18:06  Starport  
  165  18:20  Command Center  
  165  18:29  Planetary Fortress  
  165  18:33  Supply Depot  
  165  18:35  Marine x2  
  165  18:36  Marine x4  
  65  19:14  Liberator x4  
  65  19:15  Liberator  
  58  19:20  Marine x5  
  58  19:21  Marine x2  
  64  19:37  Marine  
  64  19:38  Marine x7  
  84  19:52  SCV  
  85  20:04  SCV  
  79  20:16  SCV  
  79  20:17  Marine x5  
  74  20:28  SCV  
  70  20:40  SCV  
Show
View Real Time Build Order
Export as new Build Order

Anval Terran - Winner!

Build Orders: Bio Tank 

Get SALT Encoding   

  12  0:01  SCV  
  13  0:13  SCV  
  14  0:18  Supply Depot  
  14  0:25  SCV  
  15  0:40  SCV  
  15  0:41  Barracks  
  16  0:47  Refinery  
  16  0:52  SCV  
  17  1:04  SCV  
  18  1:28  Marine  
  19  1:39  Command Center  
  19  1:42  Orbital Command  
  19  1:58  Marine  
  20  2:03  Factory  
  19  2:17  SCV  
  20  2:23  Supply Depot  
  20  2:25  Refinery  
  20  2:27  Marine  
  20  2:29  SCV  
  22  2:41  SCV  
  23  2:48  Factory Tech Lab  
  23  2:50  Starport  
  23  2:53  SCV  
  23  2:57  Orbital Command  
  24  3:02  Marine  
  25  3:09  SCV  
  26  3:15  Siege Tank  
  29  3:25  SCV  
  29  3:26  SCV  
  31  3:28  Marine  
  31  3:32  Medivac  
  34  3:37  SCV  
  35  3:45  SCV  
  35  3:47  Barracks, Marine  
  37  3:50  SCV  
  37  3:55  Refinery  
  38  3:58  SCV  
  38  4:01  Supply Depot  
  39  4:05  Siege Tank  
  42  4:10  Medivac  
  42  4:11  SCV  
  42  4:12  SCV  
  46  4:23  Marine  
  47  4:34  Marine  
  47  4:37  Barracks, SCV  
  47  4:38  SCV  
  50  4:41  Marine  
  50  4:42  Medivac  
  53  4:48  Refinery  
  53  4:49  SCV  
  54  4:56  Engineering Bay  
  54  5:01  Supply Depot  
  54  5:23  Supply Depot, Marine x2, Siege Tank, SCV x2  
  54  5:27  Supply Depot  
  61  5:35  SCV  
  62  5:36  Barracks Tech Lab, Missile Turret  
  62  5:44  Medivac  
  62  5:45  SCV  
  62  5:49  Marine x2  
  67  5:53  SCV  
  67  5:54  Terran Infantry Weapons Level 1  
  68  5:57  Supply Depot  
  68  6:04  Marine  
  68  6:06  Stimpack  
  68  6:07  Siege Tank  
  68  6:09  Barracks Reactor  
  72  6:16  Barracks Reactor  
  72  6:25  Command Center  
  72  6:40  Viking  
  72  6:41  Marine  
  72  6:42  Siege Tank  
  72  6:43  SCV x2  
  80  6:50  Supply Depot x2, Marine  
  80  6:51  Marine  
  80  6:53  Marine  
  83  6:56  SCV  
  73  7:31  Marine  
  73  7:32  Marine x3  
  73  7:37  Marine  
  75  7:49  Marine x2  
  75  7:50  Marine x2  
  79  7:56  Marine  
  79  7:57  Siege Tank  
  83  8:07  Marine x2  
  83  8:08  Marine x2  
  87  8:19  Marine  
  88  8:25  Supply Depot, Marine  
  89  8:29  Terran Infantry Armor Level 1, Siege Tank  
  85  8:58  Marine x5  
  85  8:59  Medivac  
  85  9:01  Siege Tank  
  85  9:02  Orbital Command  
  95  9:05  SCV x2  
  95  9:15  Marine  
  95  9:16  Marine  
  97  9:17  SCV  
  98  9:33  Siege Tank  
  98  9:36  Marine x4  
  102  10:04  SCV  
  102  10:05  Marine x2, SCV  
  101  10:28  Marine x3, SCV x3  
  104  10:29  Marine x2  
  104  10:30  Siege Tank  
  104  10:33  Combat Shields, Medivac  
  114  10:38  Supply Depot  
  114  10:40  Armory, SCV x3  
  112  10:58  Marine x4  
  112  10:59  Marine  
  117  11:04  Barracks  
  117  11:05  SCV  
  117  11:06  Barracks, SCV x2  
  117  11:08  Barracks  
  117  11:09  Refinery, Starport Reactor  
  117  11:10  Refinery  
  120  11:17  Marine x5  
  120  11:18  SCV  
  126  11:31  Siege Tank  
  126  11:32  SCV x3  
  132  11:34  Starport  
  132  11:35  Marine  
  132  11:37  Supply Depot  
  132  11:38  Supply Depot, Terran Vehicle Weapons Level 1  
  133  11:40  Terran Infantry Weapons Level 2  
  133  11:59  Marine x6, SCV, Medivac  
  133  12:00  Supply Depot x2  
  142  12:03  Siege Tank  
  142  12:04  Marine x2  
  147  12:16  Marine x2  
  147  12:22  Marine x2  
  151  12:24  Supply Depot  
  151  12:25  Supply Depot  
  151  12:50  Supply Depot  
  122  12:52  Supply Depot  
  122  12:58  Marine x4  
  109  12:59  Marine x4  
  117  13:10  SCV  
  117  13:11  SCV x2  
  120  13:13  Medivac  
  120  13:16  Marine x4  
  120  13:19  Command Center  
  126  13:23  SCV  
  126  13:24  Command Center  
  126  13:25  Medivac x2  
  126  13:26  Marine x3  
  134  13:32  Engineering Bay  
  134  13:34  Supply Depot  
  134  13:35  Marine x3  
  134  13:36  Marine x2  
  139  13:57  Marine x2  
  139  13:58  Marine  
  139  13:59  Barracks Reactor x3  
  139  14:00  Marine x2  
  139  14:01  Siege Tank  
  147  14:03  Medivac x3  
  147  14:06  Terran Infantry Weapons Level 3  
  147  14:08  Terran Infantry Armor Level 2  
  153  14:15  Marine, SCV x3  
  157  14:18  Marine  
  157  14:19  Marine x3  
  161  14:33  Marine, Siege Tank, Medivac  
  167  14:42  Marine x4  
  167  14:43  Marine x6  
  177  14:47  Medivac x2  
  181  15:05  Siege Tank  
  184  15:25  Marine x4  
  188  15:32  Marine  
  188  15:33  Marine x5  
  193  15:56  Marine x3  
  193  15:57  Marine x6  
  193  16:01  Planetary Fortress  
  193  16:02  Planetary Fortress  
  199  16:11  Marine  
  197  16:49  Marine x2  
  197  16:50  Marine  
  160  18:13  Marine x6  
  160  18:14  Marine x4  
  170  18:25  Siege Tank  
  170  18:27  Medivac x3  
  179  18:35  Terran Infantry Armor Level 3  
  179  18:37  Terran Vehicle Weapons Level 2  
  179  18:44  Command Center  
  165  18:57  Siege Tank, Medivac  
  165  18:59  Marine  
  165  19:00  Marine x5  
  165  19:01  Marine x4  
  140  19:11  Marine  
  140  19:13  Medivac x2  
  139  19:17  Marine x2  
  139  19:18  Marine  
  136  19:26  Medivac  
  136  19:28  Marine x5  
  136  19:29  Marine x2, Siege Tank  
  148  19:37  Marine x2  
  148  19:38  Marine x2  
  152  19:45  Barracks  
  152  19:46  Marine  
  152  19:47  Barracks  
  152  19:48  Barracks, Marine x4  
  152  19:49  Marine  
  152  19:50  Barracks  
  152  19:51  Barracks  
  152  19:52  Barracks  
  158  20:01  Siege Tank  
  155  20:33  Siege Tank  
  149  20:41  Marine x4  
  149  20:42  Marine x6  
  158  20:44  Medivac x2  
  161  20:55  Marine  
  162  20:59  Marine  
Tags
 
Add a new tag
Caveats
  • Supply blocks, unpowered buildings, or Contaminate may cause inaccurate times.
  • Supply counts are checked every 10 seconds.